 Dungeon Crawl Stone Soup version 0.28.0-45-g0d030f2227 (webtiles) character file.

Game seed: 16963348361864213405

250 101zpm the Chiller (level 6, 0/44 HPs)
             Began as a Gnoll Ice Elementalist on Apr 21, 2022.
             Slain by an ogre
             ... wielding a +0 giant club
              (18 damage)
             ... on level 5 of the Dungeon.
             The game lasted 00:06:52 (4073 turns).

101zpm the Chiller (Gnoll Ice Elementalist)         Turns: 4073, Time: 00:06:54

Health: 0/44       AC:  7    Str:  7    XL:     6   Next: 13%
Magic:  9/13       EV: 11    Int: 17    God:
Gold:   130        SH:  0    Dex: 12    Spells: 3/15 levels left

rFire   + . .      SeeInvis .   g - +0 broad axe
rCold   . . .      Faith    .   (no shield)
rNeg    . . .      Spirit   .   f - +2 ring mail {rF+}
rPois   .          Reflect  .   (no helmet)
rElec   .          Harm     .   (no cloak)
rCorr   .          Rampage  .   (no gloves)
Will    .....                   (no boots)
Stlth   ++........              (no amulet)
HPRegen 0.14/turn               (no ring)
MPRegen 0.13/turn               (no ring)

@: no status effects
A: fangs 1, strong nose, distributed training
a: no special abilities


You were on level 5 of the Dungeon.
You visited 1 branch of the dungeon, and saw 5 of its levels.

You collected 130 gold pieces.

Inventory:

Hand Weapons
 b - a +0 spear
 g - a +0 broad axe (weapon)
 m - a +5 club
Armour
 a - a +0 robe
 f - a +2 ring mail of fire resistance (worn)
Wands
 l - a wand of charming (1)
Scrolls
 c - 2 scrolls of identify {unknown}
 e - 2 scrolls of teleportation {unknown}
 h - 2 scrolls of brand weapon {unknown}
 j - a scroll of noise {unknown}
 k - a scroll of enchant armour {unknown}
 n - a scroll of fear {unknown}
Potions
 d - 3 potions of degeneration {unknown}
 i - 2 potions of curing {unknown}


   Skills:
 + Level 1.8 Fighting
 + Level 1.8 Short Blades
 + Level 1.8 Long Blades
 + Level 1.8 Axes
 + Level 1.8 Maces & Flails
 + Level 1.8 Polearms
 + Level 1.8 Staves
 + Level 1.8 Slings
 + Level 1.8 Bows
 + Level 1.8 Crossbows
 + Level 1.8 Throwing
 + Level 1.8 Armour
 + Level 4.9 Dodging
 + Level 4.5 Stealth
 + Level 1.8 Shields
 + Level 1.8 Unarmed Combat
 + Level 5.3 Spellcasting
 + Level 1.4 Conjurations
 + Level 1.4 Hexes
 + Level 1.4 Summonings
 + Level 1.4 Necromancy
 + Level 1.4 Translocations
 + Level 1.4 Transmutations
 + Level 1.4 Fire Magic
 + Level 7.2 Ice Magic
 + Level 1.4 Air Magic
 + Level 1.4 Earth Magic
 + Level 1.4 Poison Magic
 + Level 2.0 Invocations
 + Level 1.8 Evocations


You had 3 spell levels left.
You knew the following spells:

 Your Spells              Type           Power      Damage    Failure   Level
a - Freeze                Ice            100%       1d11      2%          1
b - Frozen Ramparts       Ice            58%        1d7       7%          3
c - Ozocubu's Armour      Ice            29%        N/A       7%          3
d - Hailstorm             Conj/Ice       19%        3d6       58%         4
e - Sting                 Tmut/Pois      36%        1d4       26%         1

Your spell library contained the following spells:

 Spells                   Type           Power      Damage    Failure   Level
 Poisonous Vapours        Pois/Air       18%        N/A       36%         2
 Olgreb's Toxic Radiance  Pois           9%         N/A       94%         4
 Ozocubu's Refrigeration  Ice            14%        4d7       100%        7


Dungeon Overview and Level Annotations

Branches:
Dungeon (5/15)
 Temple: D:4-7

Altars:
Fedhas
Gozag

Annotations:
D:4 Duvessa


Innate Abilities, Weirdness & Mutations

You have very sharp teeth.
Your uncanny sense of smell can sniff out nearby items.
Your experience applies equally to all skills.


Message History

You start resting.
You hear the quick hiss of a very distant avalanche of sand.
You start resting.
You hear the quick hiss of a very distant avalanche of sand.
You start resting.
HP restored.
Items here: ( ))) [.
Items here: ( )) รทรท.
Found a blossoming altar of Fedhas.
An ogre comes into view. It is wielding a +0 giant club.
The ogre shouts!
The ogre moves out of view.
Casting: Hailstorm (extremely dangerous; 58% risk of failure)
Confirm with . or Enter, or press ? or * to list all spells.
Okay, then.
The ogre hits you with a +0 giant club!!
Aiming: Freeze (safe; 2% risk of failure)
Press: ? - help, Q - select action, (/) - cycle Shift-Dir - straight line, f - ogre
Aim: an ogre, wielding a +0 giant club You freeze the ogre!
The ogre is moderately wounded.
Aiming: Freeze (safe; 2% risk of failure)
Press: ? - help, Q - select action, (/) - cycle Shift-Dir - straight line, f/p - ogre
Aim: an ogre, wielding a +0 giant club (moderately wounded)
You freeze the ogre!
The ogre is severely wounded.
The ogre barely misses you.
Aiming: Freeze (safe; 2% risk of failure)
Press: ? - help, Q - select action, (/) - cycle Shift-Dir - straight line, f/p - ogre
Aim: an ogre, wielding a +0 giant club (severely wounded)
You freeze the ogre!
The ogre is almost dead.
The ogre hits you with a +0 giant club!
Aiming: Freeze (safe; 2% risk of failure)
Press: ? - help, Q - select action, (/) - cycle Shift-Dir - straight line, f/p - ogre
Aim: an ogre, wielding a +0 giant club (almost dead)
You freeze the ogre.
The ogre is almost dead.
The ogre hits you with a +0 giant club!!
You die...

......# .....#
#....# ....####
......#
##.....####
#...O......
#..@...###
#..........
#.####.###. #.##
#.## ##..#.....
#.####......#
#.......PP..#
########..PPPP.#
#.))....#.PP_PP#


You could see an ogre.

Vanquished Creatures
  A centaur (D:5)
  A gnoll shaman (D:5)
  Ijyb (D:4)
  3 gnolls (D:5)
  3 adders
  A worm (D:3)
  A dart slug (D:4)
  4 orcs (D:3)
  4 ball pythons
  2 endoplasms
  5 giant cockroaches
  4 goblins
  4 hobgoblins (D:3)
  A quokka (D:5)
  8 bats
  2 frilled lizards (D:3)
  2 kobolds
  5 rats
52 creatures vanquished.

Notes
Turn   | Place    | Note
-------+----------+-------------------------------------------
     0 | D:1      | 101zpm the Gnoll Ice Elementalist began the quest for the
                  | Orb.
     0 | D:1      | Reached XP level 1. HP: 13/13 MP: 6/6
   718 | D:1      | Reached XP level 2. HP: 12/19 MP: 7/7
  1573 | D:2      | Reached skill level 5 in Spellcasting
  1573 | D:2      | Reached XP level 3. HP: 14/25 MP: 7/9
  1938 | D:3      | Reached skill level 1 in Invocations
  2388 | D:3      | Reached skill level 1 in Fighting
  2388 | D:3      | Reached skill level 1 in Short Blades
  2388 | D:3      | Reached skill level 1 in Long Blades
  2388 | D:3      | Reached skill level 1 in Axes
  2388 | D:3      | Reached skill level 1 in Maces & Flails
  2388 | D:3      | Reached skill level 1 in Polearms
  2388 | D:3      | Reached skill level 1 in Staves
  2388 | D:3      | Reached skill level 1 in Slings
  2388 | D:3      | Reached skill level 1 in Bows
  2388 | D:3      | Reached skill level 1 in Crossbows
  2388 | D:3      | Reached skill level 1 in Throwing
  2388 | D:3      | Reached skill level 1 in Armour
  2388 | D:3      | Reached skill level 1 in Shields
  2388 | D:3      | Reached skill level 1 in Unarmed Combat
  2388 | D:3      | Reached skill level 1 in Evocations
  2449 | D:3      | Reached XP level 4. HP: 17/32 MP: 7/11
  3367 | D:4      | Found an opulent altar of Gozag.
  3390 | D:4      | Noticed Ijyb
  3414 | D:4      | Killed Ijyb
  3415 | D:4      | Reached skill level 1 in Conjurations
  3415 | D:4      | Reached skill level 1 in Hexes
  3415 | D:4      | Reached skill level 1 in Summonings
  3415 | D:4      | Reached skill level 1 in Necromancy
  3415 | D:4      | Reached skill level 1 in Translocations
  3415 | D:4      | Reached skill level 1 in Transmutations
  3415 | D:4      | Reached skill level 1 in Fire Magic
  3415 | D:4      | Reached skill level 1 in Air Magic
  3415 | D:4      | Reached skill level 1 in Earth Magic
  3415 | D:4      | Reached skill level 1 in Poison Magic
  3459 | D:4      | Noticed Duvessa
  3480 | D:5      | Entered Level 5 of the Dungeon
  3665 | D:5      | Learned a level 3 spell: Frozen Ramparts
  3669 | D:5      | Learned a level 3 spell: Ozocubu's Armour
  3674 | D:5      | Learned a level 4 spell: Hailstorm
  3676 | D:5      | Learned a level 1 spell: Sting
  3697 | D:5      | Reached XP level 5. HP: 29/37 MP: 3/12
  3810 | D:5      | Noticed a centaur
  3824 | D:5      | Killed a centaur
  3825 | D:5      | Reached XP level 6. HP: 11/44 MP: 0/13
  4063 | D:5      | Found a blossoming altar of Fedhas.
  4073 | D:5      | Slain by an ogre

Illustrated notes

Levels and vault maps discovered:
D:1:      ncdulo_smallfort, layout_loops_ring
D:2:      layout_rooms, hellmonk_ecumenical_altar_pennies_from_heaven
D:3:      layout_loops_corners
D:4:      layout_layer_cave, mainiacjoe_overflow_tiny_flanked,
          mainiacjoe_overflow_boulevard, uniq_duvessa, uniq_ijyb
D:5:      layout_basic, fedhas_bush_and_centaur_altar, minmay_temple_entry_grid,
          nicolae_ossuary_entry_false_entrances, item_on_display_a, uniq_sigmund

Skill      XL: |  1  2  3  4  5 |
---------------+----------------+-----
Spellcasting   | 5 |  5.3
Invocations    | 1 2 |  2.0
Fighting       | 1 |  1.8
Short Blades   | 1 |  1.8
Long Blades    | 1 |  1.8
Axes           | 1 |  1.8
Maces & Flails | 1 |  1.8
Polearms       | 1 |  1.8
Staves         | 1 |  1.8
Slings         | 1 |  1.8
Bows           | 1 |  1.8
Crossbows      | 1 |  1.8
Throwing       | 1 |  1.8
Armour         | 1 |  1.8
Shields        | 1 |  1.8
Unarmed Combat | 1 |  1.8
Evocations     | 1 |  1.8
Conjurations   | 1 |  1.4
Hexes          | 1 |  1.4
Summonings     | 1 |  1.4
Necromancy     | 1 |  1.4
Translocations | 1 |  1.4
Transmutations | 1 |  1.4
Fire Magic     | 1 |  1.4
Air Magic      | 1 |  1.4
Earth Magic    | 1 |  1.4
Poison Magic   | 1 |  1.4
Dodging        | |  4.9
Stealth        | |  4.5
Ice Magic      | |  7.2

Action                   |  1- 3 |  4- 6 || total
-------------------------+-------+-------++-------
Melee: Spear             |   138 |    18 ||   156
       Unarmed           |     5 |       ||     5
       Bite              |     6 |     4 ||    10
       Broad axe         |       |    30 ||    30
       Punch             |       |     1 ||     1
 Cast: Freeze            |    14 |    10 ||    24
       Sting             |       |     6 ||     6
       Frozen Ramparts   |       |     3 ||     3
       Ozocubu's Armour  |       |     2 ||     2
       Hailstorm         |       |     1 ||     1
 Stab: Sleeping          |    15 |     3 ||    18
Armor: Robe              |    13 |       ||    13
       Ring mail         |    32 |    10 ||    42
Dodge: Dodged            |    90 |    43 ||   133
